 Dungeon Crawl Stone Soup version 0.25-a0-201-g0bb11aece9 (webtiles) character file.

Game seed: 15101929693848853276, levelgen mode: deterministic

4473 MisterFreud the Nimble (level 10, -5/72 HPs)
             Began as an Octopode Artificer on Dec 2, 2019.
             Was a Priest of Cheibriados.
             Slain by a hippogriff (8 damage)
             ... on level 8 of the Dungeon.
             The game lasted 00:15:17 (8799 turns).

MisterFreud the Nimble (Octopode Artificer)         Turns: 8799, Time: 00:15:19

Health: -5/72      AC:  1    Str: 23    XL:     10   Next: 38%
Magic:  14/14      EV: 21    Int: 24    God:    Cheibriados [***...]
Gold:   214        SH:  8    Dex: 19    Spells: 9/9 levels left

rFire    + . .     SeeInvis .   F - +4 war axe (curse)
rCold    . . .     Gourm    +   n - +2 buckler
rNeg     . . .     Faith    .   (helmet restricted)
rPois    .         Spirit   .   A - amulet of the gourmand
rElec    .         Reflect  .   j - ring of protection from fire
rCorr    .         Harm     .   i - +4 ring of strength
MR       .....                  (no ring)
Stlth    +++.......             (no ring)
HPRegen  0.22/turn              (no ring)
MPRegen  0.14/turn              (no ring)
                                (no ring)
                                (no ring)

@: lightly drained, very slow
A: almost no armour, stealthy swim, amphibious, 8 rings, constrict 8, camouflage
1, gelatinous body 1
a: Bend Time, Temporal Distortion, Renounce Religion


You were on level 8 of the Dungeon.
You worshipped Cheibriados.
Cheibriados was most pleased with you.
You were very full.

You visited 2 branches of the dungeon, and saw 9 of its levels.
You also visited: Sewer.

You collected 574 gold pieces.
You spent 360 gold pieces at shops.

Inventory:

Hand Weapons
 a - a +0 short sword
 u - a +0 broad axe
 F - a cursed +4 war axe (weapon)
Armour
 k - a cursed -2 shield
 n - a +2 buckler (worn)
Jewellery
 i - a +4 ring of strength (right tentacle)
 j - a ring of protection from fire (left tentacle)
 A - an amulet of the gourmand (around mantle)
 C - an uncursed amulet of the acrobat {unknown}
 E - a +3 ring of protection
Wands
 b - a wand of flame (83)
 c - a wand of enslavement (13)
 e - a wand of disintegration (19)
 l - a wand of clouds (5)
 B - a wand of digging (4)
Scrolls
 d - a scroll of enchant armour
 h - 2 scrolls of enchant weapon
 o - 3 scrolls of remove curse
 p - a scroll of blinking
 q - a scroll of fear
 s - 2 scrolls of amnesia
 y - 3 scrolls of teleportation
 z - a scroll of magic mapping
Potions
 g - a potion of curing
 m - a potion of mutation {unknown}
 r - a potion of magic
 t - a potion of brilliance {unknown}
 v - a potion of invisibility {unknown}
 w - a potion of cancellation {unknown}
 x - a potion of flight {unknown}
Comestibles
 f - 11 rations


   Skills:
 + Level 8.3(8.2) Fighting
 - Level 1.0(0.9) Short Blades
 + Level 10.2(10.1) Dodging
 - Level 1.3(1.2) Stealth
 - Level 4.3(4.2) Shields
 - Level 6.0(5.9) Invocations
 - Level 3.2 Evocations


You had 9 spell levels left.
You didn't know any spells.
Your spell library contained the following spells:

 Spells                   Type           Power        Failure   Level  Hunger
 Corona                   Hex            #......      14%         1    ##.....
 Ensorcelled Hibernation  Hex/Ice        #.....       22%         2    ###....
 Confuse                  Hex            #.......     41%         3    ####...
 Dazzling Spray           Conj/Hex       #.....       41%         3    ####...
 Tukima's Dance           Hex            #.......     41%         3    ####...


Dungeon Overview and Level Annotations

Branches:
Dungeon (8/15)             Temple (1/1) D:4           Sewer (visited)
   Lair: D:8-11

Altars:
Ashenzari
Cheibriados
Elyvilon
Gozag
Hepliaklqana
Nemelex Xobeh
Okawaru
Ru
Uskayaw
Wu Jian
Xom
Yredelemnul

Shops:
D:6 *


Innate Abilities, Weirdness & Mutations

You cannot wear most types of armour.
You are very stealthy in the water. (Stealth+)
You are amphibious.
You can wear up to eight rings at the same time.
You can use your tentacles to constrict eight enemies at once.
Your skin changes colour to match your surroundings (Stealth+).
Your rubbery body absorbs attacks. (AC +1, EV +1)


Message History

The hippogriff completely misses you. The ogre barely misses you.
Unknown command.
You slash the hippogriff!
The hippogriff is heavily wounded.
You hit the ogre. The hippogriff bites you!
* * * LOW HITPOINT WARNING * * *
The hippogriff closely misses you. The hippogriff misses you.
The ogre completely misses you. The hippogriff completely misses you.
The hippogriff pecks you.
* * * LOW HITPOINT WARNING * * *
The hippogriff claws you.
* * * LOW HITPOINT WARNING * * *
Unknown command.
You hit the hippogriff. You squeeze the hippogriff.
The hippogriff is severely wounded.
You hit the ogre.
You kill the ogre!
Cheibriados appreciates the change of pace.
The hippogriff completely misses you. The hippogriff pecks you!
You die...

.....(....$....#..####
..................... #
.##................ # ..
####...............#
...##.#............##...
....).[)###.............
........##..............
.......................>
#.....##........@H......
##.......†......).......
........................
.............####......)
.............# #.....%
.............# ...##.
............# #...
...#...##...# ....


You could see a hippogriff.

Vanquished Creatures
  A two-headed ogre (D:8)
  Grinder (D:6)
  A hippogriff (D:7)
  Sigmund (D:6)
  A water moccasin (D:7)
  Edmund (D:6)
  2 orc warriors
  A black bear (D:8)
  An ice beast (D:7)
  4 sky beasts
  3 ogres
  2 phantoms
  A necrophage (D:3)
  4 centaurs
  2 crocodiles
  3 bullfrogs
  A scorpion (D:7)
  4 wights (D:8)
  A howler monkey (D:4)
  A crimson imp (D:7)
  A jelly (D:8)
  A bullfrog zombie (D:3)
  A centaur zombie (D:5)
  3 hounds
  7 orc wizards
  3 orc priests
  A centaur skeleton (D:7)
  7 worker ants
  2 hound skeletons
  A howler monkey zombie (D:7)
  8 adders
  2 shadow imps
  2 worms
  7 dart slugs
  6 leopard geckos
  17 orcs
  A ball python (D:4)
  9 giant cockroaches
  8 goblins
  6 hobgoblins
  7 jackals
  2 quokkas
  A ball python zombie (D:5)
  12 bats
  10 frilled lizards
  5 kobolds
  A leopard gecko skeleton (D:5)
  A quokka skeleton (D:8)
  7 rats
175 creatures vanquished.

Vanquished Creatures (others)
  An orc priest (D:5)
1 creature vanquished.

Grand Total: 176 creatures vanquished

Notes
Turn   | Place    | Note
-------+----------+-------------------------------------------
     0 | D:1      | MisterFreud the Octopode Artificer began the quest for the
                  | Orb.
     0 | D:1      | Reached XP level 1. HP: 13/13 MP: 3/3
   187 | D:1      | Reached XP level 2. HP: 11/19 MP: 4/4
   891 | D:2      | Reached XP level 3. HP: 26/26 MP: 5/5
  1090 | D:2      | Reached XP level 4. HP: 33/33 MP: 6/6
  1464 | D:2      | Found an iron altar of Okawaru.
  1465 | D:2      | Found a hazy altar of Hepliaklqana.
  1606 | D:3      | Reached skill level 3 in Dodging
  1679 | D:3      | Reached XP level 5. HP: 33/37 MP: 7/7
  1714 | D:3      | Noticed a necrophage
  1742 | D:3      | Killed a necrophage
  1742 | D:3      | Reached skill level 4 in Dodging
  1902 | D:3      | Reached XP level 6. HP: 43/43 MP: 8/8
  2441 | D:4      | Reached skill level 5 in Dodging
  2655 | D:4      | Found a staircase to the Ecumenical Temple.
  2718 | D:4      | Reached skill level 6 in Dodging
  2718 | D:4      | Reached XP level 7. HP: 48/48 MP: 9/9
  3270 | Temple   | Entered the Ecumenical Temple
  3441 | Temple   | Became a worshipper of Cheibriados the Contemplative
  3514 | D:5      | Entered Level 5 of the Dungeon
  3527 | D:5      | Found a shimmering altar of Xom.
  4130 | D:5      | Reached skill level 5 in Fighting
  4156 | D:5      | Reached skill level 7 in Dodging
  4163 | D:5      | Reached XP level 8. HP: 7/56 MP: 10/10
  4712 | D:5      | Reached * piety under Cheibriados
  5176 | D:6      | Found a glowing drain.
  5184 | Sewer    | Entered a sewer
  5410 | D:6      | Noticed Edmund
  5413 | D:6      | Killed Edmund
  5413 | D:6      | Reached skill level 8 in Dodging
  5455 | D:6      | Found Recorghy's General Store.
  5462 | D:6      | Bought a potion of curing for 36 gold pieces
  5462 | D:6      | Bought a wand of clouds (5) for 324 gold pieces
  5541 | D:6      | Noticed Sigmund
  5550 | D:6      | Killed Sigmund
  5999 | D:6      | Reached XP level 9. HP: 49/64 MP: 11/11
  6082 | D:6      | Noticed Grinder
  6087 | D:6      | Killed Grinder
  6087 | D:6      | Reached skill level 1 in Shields
  6235 | D:6      | Reached ** piety under Cheibriados
  6424 | D:7      | Reached skill level 9 in Dodging
  7802 | D:8      | Reached skill level 10 in Dodging
  8031 | D:7      | Reached XP level 10. HP: 33/72 MP: 12/12
  8247 | D:8      | Noticed a two-headed ogre
  8558 | D:8      | Killed a two-headed ogre
  8558 | D:8      | Reached skill level 5 in Invocations
  8573 | D:8      | Reached *** piety under Cheibriados
  8798 | D:8      | HP: 3/72 [hippogriff (6)]
  8799 | D:8      | Slain by a hippogriff

Levels and vault maps discovered:
D:1:      giann_forest_graveyard, layout_basic, chequers_serial_rivers_small_3
D:2:      layout_rooms, gammafunk_temple_overflow_pools
D:3:      layout_loops_ring, first_ration, minmay_box_of_dots
D:4:      layout_cave_pools, minmay_temple_entry_crystal_x, minivault_1,
          patterned_corridor
D:5:      wad_river_or_something, layout_loops_ring, xom_butterflies
D:6:      layout_loops_corners, gup_sewer_entry_pipe, serial_shops, shop_statue,
          uniq_sigmund, uniq_edmund, uniq_grinder
D:7:      layout_basic, st_stairs_9, minivault_27
D:8:      layout_cave_pools, old_standard_altar, minitemple, special_room
          [special_room_orc], ebering_ghost_rock_garden, grunt_pizzeria
Temple:   minmay_temple_curvy_loop

Skill      XL: |  1  2  3  4  5  6  7  8  9 10 |
---------------+-------------------------------+-----
Fighting       | 2 3 4 5 7 8 |  8.3
Dodging        | 3 4 6 7 8 10 | 10.2
Shields        | 4 |  4.3
Invocations    | 2 6 |  6.0
Short Blades   | |  1.0
Stealth        | |  1.3
Evocations     | |  3.2

Action                   |  1- 3 |  4- 6 |  7- 9 | 10-12 || total
-------------------------+-------+-------+-------+-------++-------
Melee: Short sword       |    34 |       |       |       ||    34
       Constrict         |    13 |    36 |    45 |     5 ||    99
       Tentacles         |     9 |    27 |    56 |    12 ||   104
       Dagger            |    27 |    83 |       |       ||   110
       Broad axe         |       |    40 |   202 |    30 ||   272
       War axe           |       |       |       |    14 ||    14
Evoke: Wand              |       |       |     8 |     3 ||    11
  Use: Scroll            |       |     8 |     7 |       ||    15
       Potion            |       |       |     3 |     1 ||     4
 Stab: Sleeping          |    10 |     9 |    12 |       ||    31
  Eat: Chunk             |     1 |     5 |    16 |     4 ||    26
Armor: Skin              |     4 |     7 |    15 |     1 ||    27
Dodge: Dodged            |    35 |    81 |   227 |    54 ||   397
Block: Buckler           |       |       |    44 |    20 ||    64

Table legend:
 A = Non-vault XP
 B = Vault XP
 C = Vault XP percentage of total XP
 D = Non-vault monster count
 E = Vault monster count
 F = Vault count percentage of total count
                 A         B        C        D         E       F
            +---------+---------+-------+---------+---------+-------
      Total |    5031 |    1360 |  21.3 |     149 |      27 |  15.3
            +---------+---------+-------+---------+---------+-------
        D:1 |      33 |       0 |   0.0 |      20 |       0 |   0.0
        D:2 |      83 |       0 |   0.0 |      22 |       0 |   0.0
        D:3 |     109 |     130 |  54.4 |      20 |       5 |  20.0
        D:4 |     354 |       0 |   0.0 |      21 |       0 |   0.0
        D:5 |     708 |     127 |  15.2 |      22 |       5 |  18.5
        D:6 |     535 |     682 |  56.0 |       8 |       7 |  46.7
        D:7 |    1054 |     307 |  22.6 |      15 |       4 |  21.1
        D:8 |    2155 |       0 |   0.0 |      21 |       0 |   0.0
      Sewer |       0 |     114 | 100.0 |       0 |       6 | 100.0
            +---------+---------+-------+---------+---------+-------
